 Dungeon Crawl Stone Soup version 0.32-a0-136-gc02482bde3 (webtiles) character file.

Game seed: 47129433632456067

135 RepHenryClay the Protected (level 5, 0/45 HPs)
             Began as a Ghoul Fighter on Feb 10, 2024.
             Slain by a goblin
             ... wielding a +0 dagger
             ... led by Robin
              (2 damage)
             ... on level 2 of the Dungeon on Feb 11, 2024.
             The game lasted 00:02:01 (832 turns).

RepHenryClay the Protected (Ghoul Fighter)           Turns: 832, Time: 00:02:01

Health: 0/45       AC:  8    Str: 22      XL:     5   Next: 18%
Magic:  5/5        EV:  9    Int:  6 (7)  God:
Gold:   70         SH:  4    Dex:  7 (8)  Spells: 4/4 levels left

rFire   . . .        a - +0 flail
rCold   + . .        c - +0 buckler
rNeg    + + +        b - +0 scale mail
rPois   ∞            (no helmet)
rElec   .            (no cloak)
rCorr   .            (no gloves)
SInv    .            (no boots)
Will    .....        (no amulet) Stlth
                     (no ring)
HPRegen 0.00/turn    (no ring)
MPRegen 0.09/turn

%: no passive effects
@: mighty, attractive, inhibited regen
A: claws 1, cold resistance 1, negative energy resistance 3, inhibited
regeneration, torment resistance 2, devour on kill
a: no special abilities


You were on level 2 of the Dungeon.
You visited 1 branch of the dungeon, and saw 2 of its levels.

You collected 70 gold pieces.

Inventory:

Hand Weapons
 a - a +0 flail (weapon)
Armour
 b - a +0 scale mail (worn)
 c - a +0 buckler (worn)
Jewellery
 k - a +6 ring of intelligence
Scrolls
 f - 2 scrolls of identify
 h - a scroll of immolation
Potions
 e - a potion of magic


   Skills:
 - Level 3.6 Fighting
 + Level 7.9 Maces & Flails
 + Level 8.2 Armour
 - Level 3.0 Shields


You had 4 spell levels left.
You didn't know any spells.
Your spell library contained the following spells:

 Spells                   Type           Power      Damage    Failure   Level
 Tukima's Dance           Hex            0%         N/A       99%         3
 Passage of Golubria      Tloc           0%         N/A       100%        4
 Yara's Violent Unravell  Hex/Alch       0%         3d3       100%        5


Dungeon Overview and Level Annotations

Branches:
Dungeon (2/15)

Altars:

Annotations:
D:2 Robin


Innate Abilities, Weirdness & Mutations

You are immune to poison.
You have sharp fingernails.
Your flesh is cold resistant. (rC+)
You are immune to negative energy. (rN+++)
You do not regenerate when monsters are visible.
You are immune to unholy pain and torment.
You thrive by killing the living.


Message History

Unknown command.
You barely miss the goblin. The goblin barely misses you. x2
You block the goblin's attack.
You barely miss the goblin. The goblin hits you but does no damage.
Robin roars a battlecry!
The goblins go into a battle-frenzy!
The goblin barely misses you. You block the goblin's attack.
Okay, then.
As you read the scroll labelled UFAUJE CUSSA, it crumbles to dust.
It is a scroll of identify.
h - a scroll of immolation The goblin no longer looks unusually strong.
The goblin hits you but does no damage. The goblin barely misses you.
The goblin hits you with a +0 dagger.
* * * LOW HITPOINT WARNING * * *
Damage: -2%(-1hp) hp: 12%(5hp) Level annotation: Robin Welcome back, RepHenryClay the Ghoul Fighter.
Press ? for a list of commands and other information.
Okay, then.
As you read the scroll labelled SUXKIZX FERPH, it crumbles to dust.
You hear a loud clanging noise!
It was a scroll of noise.
You hear a shout! x2; You hear an angry hiss.
The goblin barely misses you. x3
As you read the scroll labelled ERGHIE MOUS, it crumbles to dust.
It is a scroll of amnesia.
You feel forgetful for a moment.
The goblin hits you but does no damage. x2
The goblin hits you with a +0 dagger.
* * * LOW HITPOINT WARNING * * *
Damage: -3%(-1hp) hp: 9%(4hp) Level annotation: Robin Welcome back, RepHenryClay the Ghoul Fighter.
Press ? for a list of commands and other information.
Unknown command.
You feel very mighty all of a sudden. The goblin closely misses you.
The goblin hits you with a +0 dagger.
* * * LOW HITPOINT WARNING * * *
The goblin hits you with a +0 dagger.
You die...

♣.# #.♣ #...>
... ♣.# #.♣
..... ... ♣.##
##.♣ #### ...
♣.⌠####⌠.♣ ...
#♣........♣ ..
##.♣♣♣♣♣♣♣♣♣
#'######
#..#.#.####g#.#
##.....g@ggg..#
#†#.##g###.###
#.#.##.#
....##.#
.#.####.# .##.#
#.# ## #.. ..#
### ###


You could see Robin and 5 goblins.

Vanquished Creatures
  Jessica (D:2)
  A dart slug (D:2)
  A ribbon worm (D:2)
  6 ball pythons
  3 bats (D:1)
  7 endoplasms
  A giant cockroach (D:1)
  2 hobgoblins
  2 frilled lizards
  3 goblins
  5 kobolds
  4 rats
36 creatures vanquished.

Notes
Turn   | Place    | Note
-------+----------+-------------------------------------------
     0 | D:1      | RepHenryClay the Ghoul Fighter began the quest for the Orb.
     0 | D:1      | Reached XP level 1. HP: 19/19 MP: 1/1
     6 | D:1      | Noticed a black mamba
     6 | D:1      | Noticed a swamp worm
     8 | D:1      | Noticed a komodo dragon
     8 | D:1      | Noticed a rime drake
    95 | D:1      | Reached XP level 2. HP: 26/26 MP: 2/2
   222 | D:1      | Reached skill level 3 in Armour
   276 | D:1      | Reached XP level 3. HP: 31/31 MP: 3/3
   652 | D:2      | Noticed Jessica
   659 | D:2      | Killed Jessica
   660 | D:2      | Reached XP level 4. HP: 28/39 MP: 4/4
   810 | D:2      | Noticed Robin
   821 | D:2      | Reached skill level 8 in Armour
   821 | D:2      | Reached XP level 5. HP: 13/45 MP: 5/5
   832 | D:2      | HP: 2/45 [goblin/+0 dagger[Robin] (2)]
   832 | D:2      | Slain by a goblin

Illustrated notes

Levels and vault maps discovered:
D:1:      onia_arrival_zoo_common, layout_basic
D:2:      layout_loops_cross, kennysheep_pointless_box, hangedman_decor_growths,
          chequers_mini_garden, grunt_ministairs_1, uniq_jessica,
          uniq_crazy_yiuf_cottage, uniq_robin

Skill      XL: |  1  2  3  4 |
---------------+-------------+-----
Maces & Flails | 2 7 |  7.9
Armour         | 3 8 |  8.2
Shields        | 3 |  3.0
Fighting       | |  3.6

Action                     |  1- 3 |  4- 6 || total
---------------------------+-------+-------++-------
  Melee: Flail             |    65 |    19 ||    84
    Use: Potion            |       |     5 ||     5
         Scroll            |       |     3 ||     3
 Armour: Scale mail        |    47 |    42 ||    89
  Dodge: Dodged            |    27 |    25 ||    52
  Block: Buckler           |    12 |     6 ||    18

Table legend: (Time is in decaauts)
 A = Elapsed time spent in this place.
 B = Non-inter-level travel time spent in this place.
 C = Inter-level travel time spent in this place.
 D = Time resting spent in this place.
 E = Time spent auto-exploring this place.
 F = Levels seen in this place.
 G = Mean time per level.
                   A        B        C        D        E       F      G
               +--------+--------+--------+--------+--------+-----+--------+
         Total |    862 |    836 |     26 |      0 |    609 |   2 |  431.0 |
       Dungeon |    862 |    836 |     26 |      0 |    609 |   2 |  431.0 |
               +--------+--------+--------+--------+--------+-----+--------+

Top non-repeatable levels by time:
     D:1: 502 daAuts
     D:2: 360 daAuts
